 Dungeon Crawl Stone Soup version 0.31-a0-187-gba352fbbf7 (webtiles) character file.

Game seed: 803542669599295100

392 qw the Skirmisher (level 6, 0/36 HPs)
             Began as a Deep Elf Hunter on June 22, 2023.
             Slain by a scorpion zombie (4 damage)
             ... in an ossuary.
             The game lasted 00:01:08 (2608 turns).

qw the Skirmisher (Deep Elf Hunter)                 Turns: 2608, Time: 00:01:08

Health: 0/36       AC:  5    Str: 10    XL:     6   Next: 51%
Magic:  8/8        EV: 11    Int: 14    God:
Gold:   149        SH:  0    Dex: 18    Spells: 5/5 levels left

rFire   . . .        Y - +0 shortbow
rCold   . . .        (shield currently unavailable)
rNeg    . . .        d - +0 ring mail
rPois   .            (no helmet)
rElec   .            (no cloak)
rCorr   .            (no gloves)
SInv    .            (no boots)
Will    .....        (no amulet)
Stlth   +            (no ring)
HPRegen 0.26/turn    (no ring)
MPRegen 0.11/turn

%: no passive effects
@: lethally poisoned (0 -> -2)
A: no striking features
a: no special abilities


You were in an ossuary.
You visited 1 branch of the dungeon, and saw 4 of its levels.
You also visited: Ossuary.

You collected 149 gold pieces.


   Skills:
 - Level 2.5 Fighting
 + Level 9.8 Ranged Weapons
 - Level 2.4 Dodging
 - Level 1.2 Stealth


You had 5 spell levels left.
You didn't know any spells.
Your spell library was empty.

Inventory:

Hand Weapons
 Y - a +0 shortbow (weapon)
Armour
 d - a +0 ring mail (worn)
Scrolls
 b - a scroll of identify
Potions
 c - a potion of heal wounds {unknown}
 e - a potion of attraction {unknown}
 f - 3 potions of curing
 g - a potion of haste {unknown}

Dungeon Overview and Level Annotations

Branches:
Dungeon (4/15)            Ossuary (1/1)
 Temple: D:4-7

Altars:

Shops:
D:1 ?


Message History

The arrow hits the scorpion zombie but does no damage.
The scorpion zombie is lightly damaged.
You shoot an arrow. The arrow closely misses the scorpion.
The scorpion stings you.
You shoot an arrow.
The arrow hits the scorpion but does no damage.
The scorpion misses you.
You shoot an arrow.
The arrow barely misses the scorpion zombie.
The scorpion zombie closely misses you. The scorpion stings you.
You are poisoned.
The scorpion poisons you!
You shoot an arrow.
The arrow barely misses the scorpion zombie.
You feel very sick. The scorpion zombie barely misses you.
The scorpion stings you but does no damage.
You shoot an arrow.
The arrow barely misses the scorpion zombie.
The arrow hits the scorpion zombie.
The scorpion zombie is lightly damaged.
You feel very sick. The scorpion zombie closely misses you.
The scorpion stings you. The scorpion zombie hits you.
The scorpion zombie hits you but does no damage.
The scorpion stings you.
You shoot an arrow. The arrow hits the scorpion zombie.
The scorpion zombie is lightly damaged.
You feel sick. The scorpion closely misses you. The scorpion zombie hits you.
The scorpion zombie hits you but does no damage.
You shoot an arrow.
The arrow hits the scorpion zombie but does no damage.
The scorpion zombie is lightly damaged.
You feel sick.
The scorpion stings you but does no damage.
The scorpion zombie misses you. The scorpion zombie closely misses you.
You shoot an arrow. The arrow hits the scorpion zombie.
The scorpion zombie is moderately damaged.
You feel sick. The scorpion stings you. The scorpion zombie hits you. x2
You die...

+.....#.....#
#.....8.....#
...........#
..........
###8.....8###
#...........#
#...ZZs.....#
#....@8.....#
#.....#.....# #.....#
....#
##########'#######+##
#...#...#...#M..#
#...8...'...#..?+
#.......#...#??.#
##8...8##############
#.......#...#...#...#


You could see a scorpion and 2 scorpion zombies.

Vanquished Creatures
  2 scorpions (Ossuary)
  A centaur zombie (Ossuary)
  An orc priest (D:3)
  A scorpion zombie (Ossuary)
  An iguana (D:4)
  An orc wizard (D:2)
  3 gnolls (D:3)
  3 adders
  2 worms (D:3)
  2 dart slugs
  7 orcs
  7 ball pythons
  5 endoplasms
  A giant cockroach (D:4)
  5 hobgoblins
  4 jackals
  4 kobolds
  A quokka (D:2)
  6 bats
  7 frilled lizards
  5 goblins
  A goblin zombie (Ossuary)
  A hobgoblin zombie (Ossuary)
  2 kobold zombies (Ossuary)
  2 orc zombies (Ossuary)
  3 rats
78 creatures vanquished.

Notes
Turn   | Place    | Note
-------+----------+-------------------------------------------
     0 | D:1      | qw the Deep Elf Hunter began the quest for the Orb.
     0 | D:1      | Reached XP level 1. HP: 12/12 MP: 3/3
     0 | D:1      | 0 ||| qw: Version: 0.3-a-9-g12657ce
     0 | D:1      | 0 ||| qw: Game counter: 2035
     0 | D:1      | 0 ||| qw: Always use a shield: true
     0 | D:1      | 0 ||| qw: God list: Okawaru
     0 | D:1      | 0 ||| qw: Allow faded altars: false
     0 | D:1      | 0 ||| qw: Do Orc after D:15 true
     0 | D:1      | 0 ||| qw: Do second Lair branch before Depths: true
     0 | D:1      | 0 ||| qw: Lair rune preference: random
     0 | D:1      | 0 ||| qw: Plans: Normal
     0 | D:1      | 0 ||| PLANNING D:1-11
   278 | D:1      | Reached skill level 6 in Ranged Weapons
   278 | D:1      | Reached XP level 2. HP: 16/16 MP: 4/4
   360 | D:1      | 360 ||| FLEEEEING.
   385 | D:1      | Found Ethroepp's Magic Scroll Boutique.
   394 | D:1      | 394 ||| SHOPLISTING scroll of enchant weapon (105 gold,
                  | have 22).
   394 | D:1      | 394 ||| SHOPLISTING scroll of identify (28 gold, have 22).
   394 | D:1      | 394 ||| SHOPLISTING scroll of teleportation (42 gold, have
                  | 22).
   642 | D:1      | 642 ||| UPGRADING to +0 ring mail.
   652 | D:1      | 652 ||| DROPPING +0 leather armour.
   653 | D:1      | 653 ||| DROPPING scroll of butterflies.
   686 | D:2      | 686 ||| STAIRDANCE
   722 | D:2      | Reached XP level 3. HP: 20/20 MP: 5/5
   825 | D:2      | Reached skill level 7 in Ranged Weapons
   935 | D:2      | 935 ||| STAIRDANCE
   940 | D:1      | 940 ||| DRINKING 2 fizzy puce potions.
  1045 | D:1      | 1045 ||| DRINKING 3 puce potions.
  1046 | D:1      | 1046 ||| DROPPING potion of berserk rage.
  1233 | D:2      | Reached XP level 4. HP: 19/25 MP: 6/6
  1378 | D:2      | 1378 ||| READING scroll labelled LEP RYUCESKERGH.
  1426 | D:3      | 1426 ||| STAIRDANCE
  1470 | D:3      | Reached skill level 8 in Ranged Weapons
  1682 | D:3      | Reached XP level 5. HP: 28/29 MP: 7/7
  1994 | D:3      | 1994 ||| READING 2 scrolls labelled UCIRUN CYTAEVELL.
  1997 | D:3      | 1997 ||| READING scroll labelled UKKAUX SYWEHERA.
  1998 | D:3      | 1998 ||| READING scroll labelled GICARO VOLOM.
  1999 | D:3      | 1999 ||| READING scroll labelled SAINOPTA RAERO.
  2018 | D:4      | 2018 ||| PLANNING OSSUARY
  2051 | D:4      | HP: 7/29 [poisoned by a scorpion]
  2052 | D:4      | 2052 ||| READING scroll of teleportation.
  2265 | D:4      | Reached skill level 9 in Ranged Weapons
  2311 | D:4      | Found a sand-covered staircase.
  2316 | Ossuary  | Entered an ossuary
  2336 | Ossuary  | HP: 7/30 [poisoned by a scorpion]
  2338 | Ossuary  | Reached XP level 6. HP: 7/36 MP: 8/8
  2339 | Ossuary  | 2339 ||| DRINKING 4 potions of curing.
  2339 | Ossuary  | 2339 ||| (to cure poison)
  2469 | Ossuary  | HP: 9/36 [scorpion zombie (4)]
  2475 | Ossuary  | HP: 9/36 [goblin zombie (1)]
  2608 | Ossuary  | HP: 7/36 [scorpion (5)]
  2608 | Ossuary  | Slain by a scorpion zombie

Levels and vault maps discovered:
D:1:      dpeg_chamrin_arrival_tetris, layout_loops_ring, serial_shops, shop,
          nicolae_concentric_dashed_squares_wild
D:2:      layout_rooms, minmay_misc_feat_ornament
D:3:      layout_basic
D:4:      cheibrodos_thug_alley, layout_loops_cross, enter_ossuary_5,
          gammafunk_ghost_necromancy
Ossuary:  ossuary_minmay_scorpions

Skill      XL: |  1  2  3  4  5 |
---------------+----------------+-----
Ranged Weapons | 6 7 8 9 |  9.8
Fighting       | 2 |  2.5
Dodging        | |  2.4
Stealth        | |  1.2

Action                     |  1- 3 |  4- 6 || total
---------------------------+-------+-------++-------
   Fire: Shortbow          |   101 |   178 ||   279
    Use: Potion            |     2 |     1 ||     3
         Scroll            |       |     6 ||     6
 Armour: Ring mail         |    16 |    61 ||    77
  Dodge: Dodged            |    32 |    71 ||   103

Table legend:
 A = Non-vault XP
 B = Vault XP
 C = Vault XP percentage of total XP
 D = Non-vault monster count
 E = Vault monster count
 F = Vault count percentage of total count
                 A         B        C        D         E       F
            +---------+---------+-------+---------+---------+-------
      Total |     303 |     258 |  46.0 |      68 |      10 |  12.8
            +---------+---------+-------+---------+---------+-------
        D:1 |      41 |       0 |   0.0 |      17 |       0 |   0.0
        D:2 |      86 |       0 |   0.0 |      24 |       0 |   0.0
        D:3 |     125 |       0 |   0.0 |      22 |       0 |   0.0
        D:4 |      51 |       0 |   0.0 |       5 |       0 |   0.0
    Ossuary |       0 |     258 | 100.0 |       0 |      10 | 100.0
            +---------+---------+-------+---------+---------+-------
